 Dungeon Crawl Stone Soup version 0.22-a0-109-gbeb7240 (webtiles) character file.

3 Timinator the Insei (level 1, -1/15 HPs)
             Began as a Vampire Transmuter on Jan 26, 2018.
             Slain by a jackal (3 damage)
             ... on level 1 of the Dungeon.
             The game lasted 00:01:48 (67 turns).

Timinator the Insei (Vampire Transmuter)              Turns: 67, Time: 00:01:48

Health: -1/15      AC:  2    Str:  9    XL:     1   Next: 41%
Magic:  3/3        EV: 12    Int: 15    God:
Gold:   3          SH:  0    Dex: 14    Spells: 3/4 levels left

rFire    . . .     SeeInvis +     - Unarmed
rCold    . . .     Gourm    .   (no shield)
rNeg     + . .     Faith    .   b - +0 robe
rPois    .         Spirit   .   (no helmet)
rElec    .         Reflect  .   (no cloak)
rCorr    .         Harm     .   (no gloves)
MR       .....                  (no boots)
Stlth    +.........             (no amulet)
HPRegen  0.05/turn              (no ring)
MPRegen  0.08/turn              (no ring)

@: no status effects
A: fangs 3, see invisible, unbreathing
a: no special abilities


You were on level 1 of the Dungeon.
You were not thirsty.

You visited 1 branch of the dungeon, and saw 1 of its levels.

You collected 3 gold pieces.

Inventory:

Missiles
 a - 12 arrows
Armour
 b - a +0 robe (worn)
Potions
 d - a potion of blood
Books
 c - a book of Changes

   Spells                             Type                      Level
   a - Beastly Appendage              Transmutation                1
   b - Sticks to Snakes               Transmutation                2
   c - Spider Form                    Transmutation/Poison         3
   d - Ice Form                       Ice/Transmutation            4
   e - Blade Hands                    Transmutation                5


   Skills:
 * Level 1.3 Fighting
 - Level 2.1 Dodging
 - Level 3.2 Unarmed Combat
 - Level 2.0 Spellcasting
 - Level 2.1 Transmutations


You had 3 spell levels left.
You knew the following spells:

 Your Spells              Type           Power        Failure   Level  Hunger
a - Beastly Appendage     Tmut           #.....       9%          1    #......


Dungeon Overview and Level Annotations

Branches:
Dungeon (1/15)

Altars:


Innate Abilities, Weirdness & Mutations

You have razor-sharp teeth.
You have supernaturally acute eyesight. (SInv)
You can survive without breathing.


Message History

The jackal barely misses you.
Found 2 scrolls labeled VIXUCH VIETT.
A goblin comes into view. It is wielding a dagger.
Your transformation is almost over.
A giant cockroach and a hobgoblin come into view.
The hobgoblin shouts!
The goblin shouts!
Found a cyan potion.
A kobold comes into view.
The jackal misses you.
A hobgoblin comes into view. It is wielding a club.
The hobgoblin shouts!
Your magical contamination has completely faded away.
The jackal completely misses you. The hobgoblin barely misses you.
The giant cockroach closely misses you.
Your talons disappear.
The bat hits you.
* * * LOW HITPOINT WARNING * * *
The jackal bites you.
You die...

#...###.#'##### #...
#.#.#.#♣♣
.#...###.#......
#K.......#..♣..♣
#..h.....#≈#♣♣..
#........#≈#P♣.≈
########.#≈#<..≈
###############.#≈#P♣.≈
#.....@br.......#≈#♣♣..
.......sh........#. ..♣
.#.....gh........# ...
#.....!..h..###.# #♣♣
...###.........#.#+##
.# #.......K.#....##.
.......gg............
########..?.####.##!#
#?...# ..#


You could see 3 jackals, a giant cockroach, 2 hobgoblins, a goblin, a bat, a
kobold and a rat.

Vanquished Creatures
  2 bats (D:1)
  A jackal (D:1)
3 creatures vanquished.

Notes
Turn   | Place    | Note
-------+----------+-------------------------------------------
     0 | D:1      | Timinator the Vampire Transmuter began the quest for the Orb.
     0 | D:1      | Reached XP level 1. HP: 14/14 MP: 3/3
    17 | D:1      | Reached skill level 1 in Fighting
    67 | D:1      | Slain by a jackal

Vault maps used:
D:1:      tarquinn_simple_flora_water_b, minmay_pentomino_z4

Skill      XL: |  1 |
---------------+----+-----
Fighting       | 1 |  1.3
Dodging        | |  2.1
Unarmed Combat | |  3.2
Spellcasting   | |  2.0
Transmutations | |  2.1

Action                   || total
-------------------------++-------
Melee: Unarmed           ||    20
       Bite              ||     2
 Cast: Beastly Appendage ||     1
  Eat: Corpse            ||     1
Armor: Robe              ||    13
Dodge: Dodged            ||    42

Table legend:
 A = Spawn XP
 B = Non-spawn XP
 C = Spawn XP percentage of total XP
 D = Spawn monster count
 E = Non-spawn monster count
 F = Spawn count percentage of total count
 G = Total turns spent on level
                    A         B        C        D         E        F      G
               +---------+---------+-------+---------+---------+-------+---------
         Total |       0 |       5 |   0.0 |       0 |       3 |   0.0 |    67
               +---------+---------+-------+---------+---------+-------+---------
           D:1 |       0 |       5 |   0.0 |       0 |       3 |   0.0 |    67
               +---------+---------+-------+---------+---------+-------+---------
